AoeStats
← EY

African Clearing

504041683Analyzed
3v3 RM · 27d ago on Sep 3, 2026· 30m 16s· 6 players
Game mode
Random Map
Map size
Normal (6 player)
Population
200
Speed
Normal
Resources
Standard
Victory
Conquest
Starting age
Dark Age
Ending age
Imperial Age
RankedLock teamsTeams togetherTeam positionsShared explorationLock speedFull tech treeHidden civsTurbo modeCheats
Victory
Defeat
🇭🇰 Vietnamese · Hong Kong SAR China
1268
+18
🇭🇰 Mongols · Hong Kong SAR China
1251
+18
🇹🇼 Wei · Taiwan
1250
+18
🇪🇸 Sicilians · Spain
1332
-20
🇨🇭 Berbers · Switzerland
1307
-18
🇹🇼 Vietnamese · Taiwan
1265
-16
EY
13:40 Feudal Age
15:24 Double-Bit Axe
17:42 Castle Age
17:54 Fletching
19:25 Bow Saw
20:35 Bodkin Arrow
21:27 Gold Mining
22:13 Padded Archer Armor
25:15 Leather Archer Armor
29:17 Ballistics
Leo
3:07 Loom
14:30 Feudal Age
18:13 Castle Age
16:39 Double-Bit Axe
17:32 Bloodlines
26:27 Gold Mining
29:01 Fletching
29:11 Padded Archer Armor
runranrunrunning
7:20 Loom
14:29 Feudal Age
18:35 Castle Age
17:20 Double-Bit Axe
17:31 Horse Collar
17:56 Gold Mining
20:28 Heavy Plow
20:42 Bow Saw
23:21 Scale Barding Armor
24:22 Bloodlines
25:37 Husbandry
27:17 Chain Barding Armor
28:25 Forging
toretex
3:04 Loom
13:33 Feudal Age
18:27 Castle Age
16:59 Double-Bit Axe
17:35 Horse Collar
19:33 Bloodlines
22:22 Scale Barding Armor
29:24 Fletching
jay155047
5:50 Loom
15:29 Feudal Age
17:46 Double-Bit Axe
17:45 Horse Collar
20:13 Castle Age
20:06 Gold Mining
21:37 Bow Saw
22:22 Wheelbarrow
21:55 Heavy Plow
25:38 Scale Barding Armor
25:44 Forging
26:33 Chatras
28:02 Husbandry
28:53 Bloodlines
29:04 Town Watch
30:25 Chain Barding Armor
U 99
6:17 Loom
14:05 Feudal Age
20:37 Castle Age
25:34 Fletching
26:26 Double-Bit Axe
Connection lost

Rejoining the realm…

Still unreachable

The connection could not be restored.

Session expired

The server has moved on; the page needs a fresh start.